 Dungeon Crawl Stone Soup version 0.27.0-1-g7a089689b8 (webtiles) character file.

Game seed: 5591347132306241520

155 Crownlay the Conjurer (level 5, 0/38 HPs)
             Began as a Draconian Conjurer on Aug 13, 2021.
             Slain by Ijyb (4 damage)
             ... on level 3 of the Dungeon.
             The game lasted 00:05:19 (3043 turns).

Crownlay the Conjurer (Draconian Conjurer)          Turns: 3043, Time: 00:05:20

Health: 0/38       AC:  6    Str:  9    XL:     5   Next: 14%
Magic:  1/8        EV: 12    Int: 19    God:
Gold:   109        SH:  0    Dex: 10    Spells: 2/8 levels left

rFire    . . .     SeeInvis .   g - +0 dagger (venom)
rCold    . . .     Faith    .   (no shield)
rNeg     + . .     Spirit   .   (armour unavailable)
rPois    .         Reflect  .   (helmet restricted)
rElec    .         Harm     .   m - +0 cloak
rCorr    .         Rampage  .   (no gloves)
Will     .....                  (no boots)
Stlth    ++........             (no amulet)
HPRegen  0.12/turn              i - ring of positive energy
MPRegen  0.11/turn              (no ring)

@: invisible
A: AC +5, unfitting armour, cold-blooded
a: no special abilities


You were on level 3 of the Dungeon.
You visited 1 branch of the dungeon, and saw 3 of its levels.

You collected 109 gold pieces.

Inventory:

Hand Weapons
 g - a +0 dagger of venom (weapon)
Missiles
 n - a throwing net
Armour
 m - a +0 cloak (worn)
Jewellery
 i - a ring of positive energy (left hand)
Scrolls
 a - 2 scrolls of fear {unknown}
 c - 3 scrolls of identify {unknown}
 d - a scroll of immolation {unknown}
 e - a scroll of magic mapping {unknown}
 h - a scroll of torment {unknown}
 j - a scroll of enchant armour {unknown}
 k - a scroll of summoning {unknown}
 o - a scroll of blinking {unknown}
Potions
 f - a potion of ambrosia {unknown}
 l - a potion of brilliance {unknown}


   Skills:
 - Level 1.7 Dodging
 - Level 1.7 Stealth
 - Level 2.0 Spellcasting
 + Level 6.5 Conjurations


You had 2 spell levels left.
You knew the following spells:

 Your Spells              Type           Power      Damage    Failure   Level
a - Magic Dart            Conj           100%       1d8       1%          1
b - Searing Ray           Conj           52%        3d5       1%          2
c - Ozocubu's Armour      Ice            2%         N/A       45%         3

Your spell library contained the following spells:

 Spells                   Type           Power      Damage    Failure   Level
 Dazzling Flash           Conj/Hex       28%        N/A       13%         3
 Fulminant Prism          Conj/Hex       7%         3d7       41%         4
 Iskenderun's Mystic Bla  Conj/Tloc      14%        2d5       41%         4
 Ozocubu's Refrigeration  Ice            1%         4d5       100%        7


Dungeon Overview and Level Annotations

Branches:
Dungeon (3/15)

Altars:
Okawaru

Annotations:
D:3 1 runed translucent door, Ijyb


Innate Abilities, Weirdness & Mutations

Your plain brown scales are hard. (AC +5)
You cannot fit into any form of body armour.
You are cold-blooded and may be slowed by cold attacks.


Message History

Aim: Ijyb, wielding a +2 dagger of freezing, wearing a +2 chain mail of willpower and carrying a wand of flame (15) (79% to hit)
The searing ray hits Ijyb but does no damage. (Press . to maintain the ray.) Ijyb zaps a wand.
The puff of flame hits you!
The searing ray hits Ijyb.
Ijyb is lightly wounded.
The searing ray hits Ijyb but does no damage.
Ijyb is lightly wounded.
The searing ray hits Ijyb.
Ijyb is lightly wounded.
You finish channeling your searing ray.
Ijyb screams, "Me kill you!"
Ijyb hits you with a +2 dagger of freezing.
You feel yourself slow down. Ijyb freezes you.
Casting: Searing Ray (safe; 1% risk of failure)
Confirm with . or Enter, or press ? or * to list all spells.
You don't know that spell.
Press: ? - help, v - describe, . - travel
Here: Ijyb, wielding a +2 dagger of freezing, wearing a +2 chain mail of willpower and carrying a wand of flame (14) (lightly wounded)
The floor.
You hit Ijyb but do no damage.
Ijyb is lightly wounded.
Ijyb hits you with a +2 dagger of freezing.
Ijyb freezes you. Ijyb barely misses you.
You hit Ijyb but do no damage.
Ijyb is lightly wounded.
You feel yourself speed up.
Ijyb zaps a wand.
The puff of flame hits you.
You hit Ijyb but do no damage.
Ijyb is lightly wounded.
Ijyb hits you with a +2 dagger of freezing.
Ijyb freezes you.
You hit Ijyb but do no damage.
Ijyb is poisoned.
Ijyb is lightly wounded.
Ijyb zaps a wand.
The puff of flame hits you!
* * * LOW HITPOINT WARNING * * *
It was a potion of invisibility.
You fade into invisibility!
Ijyb hits you with a +2 dagger of freezing.
You die...

### ...... ..### #
...... ....# #.......
..#.## ......
#(#..########.##.#
........ .....##.###
#.###..> #.....g..#
..#####.####.##.@#.##
....................##
#..........###..........
###.###...## #...###..##
###.#####.####.### ...
..<..)..#...#### ##
###...#..##..## #
###..(.#♣P..♣
########..♣..♣♣


You could see Ijyb (very poisoned).

Vanquished Creatures
  Crazy Yiuf (D:3)
  An orc wizard (D:2)
  3 gnolls (D:3)
  3 adders
  A dart slug (D:3)
  2 orcs (D:2)
  2 ball pythons
  6 endoplasms
  A giant cockroach (D:3)
  4 goblins
  4 hobgoblins
  5 jackals (D:2)
  3 bats
  3 kobolds (D:2)
  3 rats
42 creatures vanquished.

Notes
Turn   | Place    | Note
-------+----------+-------------------------------------------
     0 | D:1      | Crownlay the Draconian Conjurer began the quest for the
                  | Orb.
     0 | D:1      | Reached XP level 1. HP: 14/14 MP: 3/3
   676 | D:2      | Reached XP level 2. HP: 17/20 MP: 1/5
  1006 | D:2      | Learned a level 2 spell: Searing Ray
  1101 | D:2      | Reached skill level 5 in Conjurations
  1101 | D:2      | Reached XP level 3. HP: 11/26 MP: 2/6
  1336 | D:2      | Found a faded altar of an unknown god.
  1336 | D:2      | Noticed a red devil
  1646 | D:2      | Found an iron altar of Okawaru.
  1748 | D:2      | Reached XP level 4. HP: 33/33 MP: 2/7
  2103 | D:2      | Learned a level 3 spell: Ozocubu's Armour
  2557 | D:3      | Found a runed translucent gate.
  2677 | D:3      | Found a runed translucent door.
  2678 | D:3      | Noticed Crazy Yiuf
  2685 | D:3      | Killed Crazy Yiuf
  2686 | D:3      | Reached skill level 6 in Conjurations
  2828 | D:3      | Reached XP level 5. HP: 38/38 MP: 0/8
  3030 | D:3      | Noticed Ijyb
  3043 | D:3      | Slain by Ijyb

Illustrated notes

Levels and vault maps discovered:
D:1:      scummos_arrival_simple_fountains, layout_rooms, moated_statue,
          amethyst_killhole
D:2:      layout_loops_cross, serial_co_window_serial, co_window_paths_a,
          co_window_corner_a, co_window_paths_b, co_window_paths_a,
          co_window_of_opportunity_a, co_window_broadway_a, co_window_cross_4,
          co_window_broadway_c, co_window_unsneaky_path_e,
          co_window_unsneaky_path_d, co_window_paths_c, glass_columns_b,
          glass_columns_a, glass_columns_a, basic_altar,
          dreamdust_ecumenical_altar_sealed_demon
D:3:      layout_rooms, gammafunk_ghost_necromancy, serial_bayou_crossing,
          uniq_ijyb, uniq_crazy_yiuf_cottage

Skill      XL: |  1  2  3  4 |
---------------+-------------+-----
Conjurations   | 5 6 |  6.5
Dodging        | |  1.7
Stealth        | |  1.7
Spellcasting   | |  2.0

Action                   |  1- 3 |  4- 6 || total
-------------------------+-------+-------++-------
Melee: Mace              |    26 |       ||    26
       Tailslap          |     3 |       ||     3
       Dagger            |    18 |     4 ||    22
 Cast: Magic Dart        |    42 |    29 ||    71
       Searing Ray       |       |     3 ||     3
  Use: Potion            |       |     1 ||     1
Armor: Skin              |    31 |     2 ||    33
Dodge: Dodged            |    41 |     3 ||    44
